 Dungeon Crawl Stone Soup version 0.28-b1-70-g80dc712255 (webtiles) character file.

Game seed: 15493971684681793518

1836 johnnyslick the Chopper (level 8, -8/71 HPs)
             Began as a Green Draconian Berserker on Feb 3, 2022.
             Was an Elder of Trog.
             Mangled by a two-headed ogre (12 damage)
             ... on level 6 of the Dungeon.
             The game lasted 00:22:49 (5854 turns).

johnnyslick the Chopper (Green Draconian Berserker) Turns: 5854, Time: 00:22:50

Health: -8/71      AC:  9    Str: 22    XL:     8   Next: 87%
Magic:  8/8        EV: 12    Int:  8    God:    Trog [****..]
Gold:   39         SH:  0    Dex: 10    Spells: 7/7 levels left

rFire   . . .      SeeInvis .   r - +8 mithril axe "Arga" {speed, Will+}
rCold   + . .      Faith    .   (no shield)
rNeg    . . .      Spirit   .   (armour unavailable)
rPois   +          Reflect  .   (helmet restricted)
rElec   .          Harm     .   f - +2 cloak
rCorr   +          Rampage  .   (no gloves)
Will    +....                   (no boots)
Stlth   +.........              h - amulet of the acrobat
HPRegen 0.21/turn               i - ring of resist corrosion
MPRegen 0.11/turn               v - ring of protection from cold

@: short of breath
A: breathe noxious fumes, AC +6, unfitting armour, poison resistance,
cold-blooded
a: Breathe Noxious Fumes, Renounce Religion, Berserk, Trog's Hand, Brothers in
Arms


You were on level 6 of the Dungeon.
You worshipped Trog.
Trog was greatly pleased with you.
You visited 1 branch of the dungeon, and saw 6 of its levels.

You collected 188 gold pieces.
You spent 149 gold pieces at shops.

Inventory:

Hand Weapons
 a - a +0 hand axe
 k - a +0 dagger of venom
 m - a +0 spear of flaming
 p - a +4 spear
 r - the +8 mithril axe "Arga" (weapon) {speed, Will+}
   (You acquired it on level 5 of the Dungeon)

   Attacks with this weapon are significantly faster.
   Will:      It increases your willpower.
 s - the +3 trident of Nyjoekh {spect, Int-2 Dex+6}
   (You found it on level 3 of the Dungeon)

   When its wielder attacks, the weapon's spirit leaps out and strikes again.
   The spirit shares a part of any damage it takes with its wielder.
   Int:       It affects your intelligence (-2).
   Dex:       It affects your dexterity (+6).
 t - a +2 rapier of distortion
 y - a +1 flail of protection
Missiles
 b - 187 stones (quivered)
 o - 5 throwing nets
Armour
 f - a +2 cloak (worn)
Jewellery
 h - an amulet of the acrobat (around neck)
 i - a ring of resist corrosion (left hand)
 l - a ring of positive energy
 v - a ring of protection from cold (right hand)
Wands
 c - a wand of acid (8)
Scrolls
 d - 2 scrolls of magic mapping
 e - a scroll of blinking
 j - 3 scrolls of teleportation
 u - a scroll of summoning
Potions
 g - 3 potions of haste
 n - 2 potions of heal wounds
 q - 5 potions of curing
 w - a potion of berserk rage {unknown}
 x - a potion of lignification {unknown}


   Skills:
 + Level 6.8 Fighting
 * Level 7.7(8.7) Axes
 - Level 6.1(8.0) Polearms
 + Level 4.0 Dodging


You had 7 spell levels left.
You didn't know any spells.
Your spell library was empty.

Dungeon Overview and Level Annotations

Branches:
Dungeon (6/15)
 Temple: D:4-7

Altars:
Dithmenos
Uskayaw
Vehumet
The Shining One

Shops:
D:1 ?

Portals:
Abyss: D:3


Innate Abilities, Weirdness & Mutations

You can breathe blasts of noxious fumes.
Your lurid green scales are hard. (AC +6)
You cannot fit into any form of body armour.
Your system is resistant to poisons. (rPois)
You are cold-blooded and may be slowed by cold attacks.


Message History

You start resting.
A two-headed ogre comes into view. It is wielding two +0 giant clubs.
You recover from your berserk rage.
You start resting.
A two-headed ogre is nearby!
You start resting.
HP restored.
The two-headed ogre shouts in stereo!
Found a gnarled smoking staff.
You slash the two-headed ogre!
The two-headed ogre is moderately wounded.
The two-headed ogre misses you. The two-headed ogre closely misses you.
You slash the two-headed ogre!
Your tail-slap misses the two-headed ogre.
The two-headed ogre is heavily wounded.
You slash the two-headed ogre!
The two-headed ogre is severely wounded.
The two-headed ogre hits you with a +0 giant club!
The two-headed ogre hits you with a +0 giant club!!
You barely miss the two-headed ogre. You tail-slap the two-headed ogre.
The two-headed ogre is severely wounded.
The two-headed ogre hits you with a +0 giant club!
The two-headed ogre hits you with a +0 giant club!!
* * * LOW HITPOINT WARNING * * *
You slash the two-headed ogre!
The two-headed ogre is almost dead.
You completely miss the two-headed ogre.
The two-headed ogre is almost dead.
The two-headed ogre hits you with a +0 giant club!
* * * LOW HITPOINT WARNING * * *
The two-headed ogre misses you.
Aiming: Breathe Noxious Fumes (4% risk of failure)
Press: ? - help, Shift-Dir - straight line, f - two-headed ogre
Aim: a two-headed ogre, wielding two +0 giant clubs (almost dead, 81% to hit)
You exhale a blast of noxious fumes.
The blast of choking fumes hits the two-headed ogre.
The two-headed ogre is almost dead.
The two-headed ogre is engulfed in noxious fumes.
The two-headed ogre hits you with a +0 giant club!
You die...

... ..| ..# ....
##...###.###.... ## #..
........... .########..
##...#......
..........###...........
..[...........>..>......
#########.##............
<...............@O○○☼§☼.
####....................
..##....)[.......#...#..
#........)....########
####..........#
############


You could see a two-headed ogre.

Vanquished Creatures
  Edmund (D:6)
  Duvessa (D:6)
  An orc warrior (D:5)
  A necrophage (D:5)
  2 ogres
  A kobold brigand (D:3)
  A wyvern zombie (D:6)
  3 scorpions (D:4)
  A water moccasin zombie (D:5)
  Dowan (D:6)
  2 small abominations (D:3)
  The ghost of lordive the Digger, a weakling GrEE (D:3)
  4 hounds
  2 jellies
  A centaur zombie (D:5)
  A gnoll shaman (D:5)
  An orc priest (D:4)
  An iguana (D:5)
  2 orc wizards (D:4)
  Robin (D:2)
  10 gnolls
  A howler monkey skeleton (D:4)
  6 adders
  A shadow imp (D:5)
  3 ufetubi
  4 worms
  A dart slug (D:2)
  12 orcs
  5 ball pythons
  3 bats
  4 endoplasms
  2 giant cockroaches
  17 goblins
  4 hobgoblins
  4 quokkas
  2 frilled lizards
  4 kobolds
  27 rats
139 creatures vanquished.

Notes
Turn   | Place    | Note
-------+----------+-------------------------------------------
     0 | D:1      | johnnyslick the Draconian Berserker began the quest for the
                  | Orb.
     0 | D:1      | Reached XP level 1. HP: 19/19 MP: 1/1
   448 | D:1      | Found Ulotwyih's Magic Scroll Emporium.
   791 | D:2      | Reached XP level 2. HP: 26/27 MP: 2/2
  1343 | D:2      | Reached XP level 3. HP: 11/33 MP: 3/3
  1490 | D:2      | Reached ** piety under Trog
  1621 | D:2      | Noticed Robin
  1631 | D:2      | Killed Robin
  1632 | D:2      | Reached skill level 4 in Axes
  1697 | D:2      | Reached XP level 4. HP: 37/41 MP: 4/4
  2054 | D:2      | Found a faded altar of an unknown god.
  2083 | D:2      | Found a faded altar of an unknown god.
  2271 | D:3      | Found a transporter.
  2271 | D:3      | Noticed a small abomination
  2485 | D:3      | Found a transporter.
  2490 | D:3      | Noticed a kobold brigand
  2492 | D:3      | Noticed lordive's ghost (weakling GrEE)
  2525 | D:3      | Reached *** piety under Trog
  2531 | D:3      | Reached XP level 5. HP: 47/47 MP: 5/5
  2844 | D:3      | Reached skill level 5 in Fighting
  2908 | D:3      | Found a one-way gate to the infinite horrors of the Abyss.
  3056 | D:4      | Reached skill level 1 in Polearms
  3142 | D:4      | Reached XP level 6. HP: 46/56 MP: 6/6
  3544 | D:4      | Your scales start taking on a lurid green colour.
  3544 | D:4      | Reached XP level 7. HP: 44/61 MP: 7/7
  3544 | D:4      | Gained mutation: Your system is resistant to poisons.
                  | (rPois) [Green Draconian growth]
  4068 | D:4      | Found a shadowy altar of Dithmenos.
  4155 | D:4      | Found a glowing golden altar of the Shining One.
  4271 | D:5      | Entered Level 5 of the Dungeon
  4305 | D:5      | Reached skill level 5 in Polearms
  4721 | D:1      | Bought a scroll of identify for 26 gold pieces
  4721 | D:1      | Bought a scroll of summoning for 123 gold pieces
  4927 | D:5      | Reached **** piety under Trog
  4982 | D:5      | Identified a scroll of acquirement
  4982 | D:5      | Acquired the +8 mithril axe "Arga" {speed, Will+}
  4982 | D:5      | Found the +8 mithril axe "Arga" {speed, Will+}
  5031 | D:5      | Found a hide-covered altar of Uskayaw.
  5044 | D:5      | Reached skill level 5 in Axes
  5045 | D:5      | Reached XP level 8. HP: 66/70 MP: 8/8
  5162 | D:5      | Found a radiant altar of Vehumet.
  5437 | D:3      | Identified the +3 trident of Nyjoekh {spect, Int-2 Dex+6}
  5446 | D:3      | Killed lordive's ghost
  5449 | D:3      | Reached skill level 6 in Axes
  5647 | D:6      | Noticed Duvessa
  5652 | D:6      | Noticed Dowan
  5658 | D:6      | Killed Duvessa
  5658 | D:6      | Noticed Edmund
  5659 | D:6      | Reached skill level 7 in Axes
  5666 | D:6      | Killed Dowan
  5674 | D:6      | Killed Edmund
  5694 | D:6      | Noticed a two-headed ogre
  5854 | D:6      | Mangled by a two-headed ogre

Illustrated notes

Levels and vault maps discovered:
D:1:      lightli_arrival_noodles, layout_basic, serial_shops, shop
D:2:      layout_rooms, hellmonk_ecumenical_altar_the_god_not_taken,
          minmay_rat_hole, uniq_robin
D:3:      layout_loops_cross, gammafunk_ghost_abyssal_escape
D:4:      layout_basic, grunt_dithmenos_smoke_and_mirrors, tso_oasis_becter
D:5:      layout_rooms, mainiacjoe_overflow_cross_hatched,
          eat_drink_and_be_merry_uskayaw
D:6:      layout_rooms, tgw_xom, temple_statues,
          minmay_fractal_squares_diagonal_5, uniq_edmund, uniq_duvessa

Skill      XL: |  1  2  3  4  5  6  7  8 |
---------------+-------------------------+-----
Fighting       | 4 5 6 |  6.8
Axes           | 4 5 7 |  7.7
Polearms       | 2 4 6 |  6.1
Dodging        | 3 4 |  4.0

Action                   |  1- 3 |  4- 6 |  7- 9 || total
-------------------------+-------+-------+-------++-------
Melee: Hand axe          |    87 |    57 |       ||   144
       Tailslap          |    11 |    23 |    25 ||    59
       Spear             |       |    93 |    91 ||   184
       Broad axe         |       |       |    78 ||    78
Invok: Berserk           |     1 |     3 |     3 ||     7
 Abil: Breathe Noxious F |       |       |     3 ||     3
  Use: Scroll            |     1 |     8 |     4 ||    13
 Stab: Sleeping          |       |     2 |     1 ||     3
Armor: Skin              |    39 |    33 |    33 ||   105
Dodge: Dodged            |    57 |    70 |    82 ||   209
